AoeStats
← OG.faker

Arena

510105451Analyzed
4v4 RM · 2d ago on Sep 29, 2026· 54m 39s· 8 players
Game mode
Random Map
Map size
Large (8 player)
Population
200
Speed
Normal
Resources
Standard
Victory
Conquest
Starting age
Dark Age
Ending age
Imperial Age
RankedLock teamsTeams togetherTeam positionsShared explorationLock speedFull tech treeHidden civsTurbo modeCheats
Victory
Defeat
🇭🇰 Slavs · Hong Kong SAR China
1152
+12
🇨🇳 Bohemians · China
1126
+13
🇨🇳 Goths · China
1125
+13
🇨🇳 Italians · China
994
+18
🇬🇧 Persians · United Kingdom
1071
-15
🇨🇳 Romans · China
1065
-14
🇭🇰 Teutons · Hong Kong SAR China
1047
-14
🇻🇳 Cumans · Vietnam
1019
-13
i aM Dixon x
11:08 Feudal Age
12:02 Loom
15:58 Castle Age
14:08 Double-Bit Axe
14:39 Horse Collar
16:11 Wheelbarrow
17:28 Bow Saw
21:46 Heavy Plow
21:56 Gold Mining
24:23 Hand Cart
27:03 Gold Shaft Mining
26:19 Stone Mining
29:19 Imperial Age
28:13 Forging
28:08 Scale Barding Armor
29:00 Bloodlines
28:50 Husbandry
29:54 Iron Casting
30:09 Stone Shaft Mining
30:34 Cavalier
32:33 Chain Barding Armor
33:15 Blast Furnace
34:35 Plate Barding Armor
34:30 Conscription
35:15 Savar
37:48 Town Watch
37:58 Fletching
40:19 Two-Man Saw
39:56 Crop Rotation
39:00 Light Cavalry
40:26 Hoardings
40:16 Hussar
45:27 Citadels
50:24 Town Patrol
50:22 Bodkin Arrow
50:27 Padded Archer Armor
50:28 Murder Holes
brain888hk
9:11 Loom
11:41 Feudal Age
12:22 Double-Bit Axe
12:23 Horse Collar
14:35 Man-at-Arms
19:12 Fletching
20:04 Gold Mining
20:10 Arson
21:40 Wheelbarrow
24:44 Castle Age
23:22 Stone Mining
23:52 Bloodlines
26:46 Stone Shaft Mining
26:25 Bow Saw
26:35 Hand Cart
31:32 Squires
31:34 Scale Mail Armor
31:44 Forging
34:59 Chain Mail Armor
35:19 Iron Casting
35:02 Chain Mail Armor
34:51 Padded Archer Armor
34:46 Bodkin Arrow
38:11 Imperial Age
36:16 Leather Archer Armor
36:07 Elite Skirmisher
36:55 Town Watch
39:22 Fortified Wall
39:51 Chain Mail Armor
40:11 Iron Casting
41:35 Ring Archer Armor
41:26 Ballistics
42:07 Chemistry
40:57 Onager
42:55 Onager
49:32 Pikeman
51:45 Conscription
king vitt
0:29 Loom
14:56 Feudal Age
16:12 Wheelbarrow
15:26 Double-Bit Axe
15:24 Horse Collar
19:45 Castle Age
21:02 Hand Cart
21:28 Bow Saw
21:21 Heavy Plow
25:29 Gold Mining
28:08 Town Watch
31:36 Imperial Age
30:10 Squires
30:16 Scale Mail Armor
30:26 Forging
30:25 Ballistas
31:02 Gold Shaft Mining
30:53 Ballistics
30:44 Fortified Wall
30:41 Man-at-Arms
31:44 Chain Mail Armor
32:18 Town Patrol
32:54 Crop Rotation
33:03 Iron Casting
31:52 Long Swordsman
33:18 Conscription
33:19 Comitatenses
32:45 Legionary
33:07 Heavy Scorpion
34:55 Chemistry
35:08 Blast Furnace
35:23 Siege Engineers
40:16 Masonry
40:45 Stone Mining
41:44 Architecture
40:52 Capped Ram
42:13 Siege Ram
冬至
1:25 Loom
10:19 Feudal Age
11:41 Double-Bit Axe
20:41 Wheelbarrow
22:22 Castle Age
20:27 Horse Collar
20:43 Gold Mining
21:31 Bloodlines
22:13 Forging
23:59 Bow Saw
23:44 Light Cavalry
25:08 Scale Barding Armor
25:30 Heavy Plow
26:55 Capped Ram
33:34 Imperial Age
OG.faker
10:14 Feudal Age
14:19 Castle Age
12:26 Double-Bit Axe
21:08 Fervor
27:02 Imperial Age
26:32 Chemistry
26:35 Bow Saw
26:40 Squires
27:15 Pikeman
28:31 Conscription
28:14 Halberdier
29:04 Scale Mail Armor
31:24 Chain Mail Armor
31:19 Forging
33:49 Plate Mail Armor
33:54 Iron Casting
35:23 Two-Man Saw
37:10 Wagenburg Tactics
37:30 Horse Collar
40:11 Houfnice
42:06 Padded Archer Armor
43:10 Siege Engineers
43:16 Masonry
45:14 Leather Archer Armor
55:04 Blast Furnace
Rex Incognito
9:44 Feudal Age
13:47 Castle Age
11:47 Double-Bit Axe
13:07 Horse Collar
13:30 Loom
22:18 Bow Saw
23:34 Gold Mining
24:26 Wheelbarrow
24:09 Gold Mining
24:21 Heavy Plow
25:48 Stone Mining
28:59 Imperial Age
29:11 Fletching
29:45 Ballistics
29:45 Padded Archer Armor
30:10 Bodkin Arrow
32:24 Chemistry
33:57 Bracer
34:21 Guilds
34:28 Masonry
34:19 Town Watch
34:51 Hand Cart
35:57 Two-Man Saw
35:28 Leather Archer Armor
36:02 Conscription
37:33 Elite Genoese Crossbowman
38:49 Ring Archer Armor
38:51 Architecture
38:32 Fortified Wall
38:54 Architecture
39:34 Town Patrol
42:09 Hoardings
43:02 Scale Barding Armor
43:07 Forging
43:55 Bloodlines
43:45 Husbandry
43:06 Light Cavalry
44:50 Chain Barding Armor
45:47 Iron Casting
45:18 Hussar
46:12 Murder Holes
47:17 Plate Barding Armor
46:53 Treadmill Crane
48:32 Blast Furnace
52:57 Cavalier
MasterXuanyi
11:21 Feudal Age
15:17 Castle Age
13:15 Double-Bit Axe
13:26 Horse Collar
17:30 Loom
19:54 Wheelbarrow
20:20 Heavy Plow
20:50 Gold Mining
22:38 Stone Mining
26:09 Gold Shaft Mining
26:30 Hand Cart
27:11 Pikeman
27:52 Squires
30:36 Imperial Age
29:54 Scale Mail Armor
30:05 Forging
30:40 Halberdier
31:41 Chain Mail Armor
32:02 Iron Casting
31:05 Heavy Scorpion
32:52 Chemistry
31:18 Heavy Scorpion
33:09 Conscription
32:50 Detinets
33:34 Plate Mail Armor
33:19 Siege Engineers
36:36 Blast Furnace
35:37 Druzhina
35:59 Husbandry
36:09 Bloodlines
35:20 Light Cavalry
37:32 Cavalier
38:36 Scale Barding Armor
41:45 Masonry
42:52 Chain Barding Armor
42:26 Onager
44:51 Siege Onager
52:09 Bow Saw
51:31 Elite Boyar
52:16 Town Watch
Kobe-Bryant
4:34 Loom
12:49 Feudal Age
17:46 Castle Age
20:28 Double-Bit Axe
21:02 Scale Mail Armor
26:13 Wheelbarrow
25:41 Gold Mining
28:19 Hand Cart
29:54 Gold Mining
30:17 Bow Saw
33:55 Imperial Age
32:38 Scale Mail Armor
32:50 Forging
32:54 Stone Mining
32:41 Pikeman
33:27 Squires
34:09 Chain Mail Armor
34:12 Halberdier
35:40 Iron Casting
35:43 Conscription
36:16 Town Watch
37:41 Blast Furnace
39:20 Perfusion
39:53 Town Patrol
40:28 Anarchy
43:45 Stone Shaft Mining
47:46 Elite Huskarl
Connection lost

Rejoining the realm…

Still unreachable

The connection could not be restored.

Session expired

The server has moved on; the page needs a fresh start.